 Dungeon Crawl Stone Soup version 0.30-a0-840-ga523dec638 (webtiles) character file.

Game seed: 9703931842972426

85 Demosthentine the Poker (level 4, -11/34 HPs)
             Began as a Demonspawn Gladiator on Mar 2, 2023.
             Killed from afar by Ijyb (21 damage)
             ... with a bolt of acid
             ... on level 3 of the Dungeon.
             The game lasted 00:01:55 (1737 turns).

Demosthentine the Poker (Demonspawn Gladiator)      Turns: 1737, Time: 00:01:55

Health: -11/34     AC:  0    Str: 14    XL:     4   Next: 25%
Magic:  4/4        EV: 12    Int: 10    God:
Gold:   103        SH:  0    Dex: 16    Spells: 3/3 levels left

rFire   . . .      SeeInvis .    a - +1 trident
rCold   . . .      Faith    .    (no shield)
rNeg    . . .      Spirit   .    b - +0 leather armour
rPois   .          Reflect  .    (helmet restricted)
rElec   .          Harm     .    (no cloak)
rCorr   .          Rampage  .    (no gloves)
Will    .....                    (no boots)
Stlth   +                        (no amulet)
HPRegen 0.25/turn                (no ring)
MPRegen 0.09/turn                (no ring)

@: corroded, hasted, very quick
A: horns 1, demonic guardian 1
a: no special abilities


You were on level 3 of the Dungeon.
You visited 1 branch of the dungeon, and saw 3 of its levels.

You collected 103 gold pieces.

Inventory:

Hand Weapons
 a - a +1 trident (weapon)
Missiles
 e - a javelin (quivered)
Armour
 b - a +0 leather armour (worn)
 h - a +2 buckler of cold resistance
Scrolls
 i - a scroll of immolation {unknown}
Potions
 f - 2 potions of might {unknown}
 g - 3 potions of degeneration {unknown}
 j - a potion of ambrosia {unknown}
 l - a potion of resistance {unknown}
 m - a potion of magic {unknown}


   Skills:
 + Level 2.8 Fighting
 + Level 3.3 Polearms
 - Level 1.7 Throwing
 + Level 1.4 Armour
 + Level 3.2 Dodging
 + Level 0.0 Shields


You had 3 spell levels left.
You didn't know any spells.
Your spell library was empty.

Dungeon Overview and Level Annotations

Branches:
Dungeon (3/15)

Altars:

Annotations:
D:3 Ijyb


Innate Abilities, Weirdness & Mutations

You have a pair of small horns on your head.
A weak demonic guardian rushes to your aid.


Message History

Press: ? - help, Q - select action, (/) - cycle Shift-Dir - straight line, f/p - Ijyb
Aim: Ijyb, wielding a +2 dagger of protection, wearing a +0 ring mail and carrying a wand of acid (4) (heavily wounded, 57% to hit)
You throw a throwing net. The throwing net barely misses Ijyb.
Unknown command.
Throw: throwing net
Press: ? - help, Q - select action, (/) - cycle Shift-Dir - straight line, f/p - Ijyb
Aim: Ijyb, wielding a +2 dagger of protection, wearing a +0 ring mail and carrying a wand of acid (4) (heavily wounded, 57% to hit)
You throw a throwing net. The throwing net hits Ijyb.
Ijyb is caught in the net!
Ijyb is heavily wounded.
Ijyb zaps a wand.
The bolt of acid hits you!
* * * LOW HITPOINT WARNING * * *
The acid corrodes you!
Ijyb struggles against the net.
Unknown command.
You hit Ijyb.
Ijyb is heavily wounded.
You hit Ijyb but do no damage. You headbutt Ijyb, but do no damage.
Ijyb is heavily wounded.
You hit Ijyb but do no damage.
Ijyb is heavily wounded.
Ijyb struggles against the net.
You strike the helpless Ijyb from behind!
You hit Ijyb but do no damage. You headbutt Ijyb, but do no damage.
Ijyb is heavily wounded.
Ijyb struggles against the net.
You hit Ijyb but do no damage. You headbutt Ijyb, but do no damage.
Ijyb is heavily wounded.
Ijyb struggles against the net.
You barely miss Ijyb.
Ijyb is heavily wounded.
Ijyb zaps a wand.
The bolt of acid misses you.
Ijyb struggles against the net.
You hit Ijyb.
Ijyb is severely wounded.
You hit Ijyb but do no damage. You headbutt Ijyb, but do no damage.
Ijyb is severely wounded.
You hit Ijyb but do no damage.
Ijyb is severely wounded.
Ijyb zaps a wand.
The bolt of acid hits you!!
Ouch! That really hurt!
You die...

..$.......
.........#
.........##
..........#
..........###
............#
.........##.#
#(..g@....#.##
#.#####......#
###.##...#
#....#...# #.#
#....#...#
#.##.#
#....#...#
#.##.#
###.##...#
#.##.#
#.##...###..
#.##.#
#...........


You could see Ijyb (caught).

Vanquished Creatures
  3 adders (D:2)
  3 dart slugs (D:1)
  2 endoplasms
  3 giant cockroaches
  3 goblins (D:1)
  7 hobgoblins
  3 jackals (D:1)
  9 kobolds
  2 quokkas
  5 ball pythons
  3 frilled lizards
  3 rats (D:1)
46 creatures vanquished.

Vanquished Creatures (collateral kills)
  A giant cockroach (D:1)
  A rat (D:1)
2 creatures vanquished.

Grand Total: 48 creatures vanquished

Notes
Turn   | Place    | Note
-------+----------+-------------------------------------------
     0 | D:1      | Demosthentine the Demonspawn Gladiator began the quest for
                  | the Orb.
     0 | D:1      | Reached XP level 1. HP: 16/16 MP: 1/1
   233 | D:1      | Gained mutation: A weak demonic guardian rushes to your
                  | aid. [demonic ancestry]
   233 | D:1      | Reached XP level 2. HP: 17/22 MP: 2/2
   475 | D:1      | Found a faded altar of an unknown god.
   594 | D:1      | Reached XP level 3. HP: 18/28 MP: 3/3
   669 | D:1      | Reached skill level 1 in Armour
  1112 | D:2      | Gained mutation: You have a pair of small horns on your
                  | head. [demonic ancestry]
  1112 | D:2      | Reached XP level 4. HP: 27/34 MP: 4/4
  1615 | D:2      | Identified a scroll of acquirement
  1615 | D:2      | Acquired a +2 buckler of cold resistance
  1702 | D:3      | Noticed Ijyb
  1737 | D:3      | Killed from afar by Ijyb

Illustrated notes

Levels and vault maps discovered:
D:1:      zaba_arrival_water, layout_loops_corners,
          ebering_ecumenical_altar_abandoned,
          nicolae_concentric_dashed_squares_wild, minmay_bisected
D:2:      layout_rooms
D:3:      layout_basic, gup_sewer_entry_bowl, uniq_ijyb, uniq_crazy_yiuf_cottage

Skill      XL: |  1  2  3 |
---------------+----------+-----
Dodging        | 3 |  3.2
Polearms       | 3 |  3.3
Armour         | 1 |  1.4
Fighting       | |  2.8
Throwing       | |  1.7

Action                     |  1- 3 |  4- 6 || total
---------------------------+-------+-------++-------
  Melee: Trident           |   135 |    54 ||   189
         Headbutt          |       |     8 ||     8
  Throw: Throwing net      |       |     3 ||     3
    Use: Scroll            |     4 |     4 ||     8
         Potion            |       |     1 ||     1
   Stab: Held in net/web   |       |     1 ||     1
 Armour: Leather armour    |    31 |     2 ||    33
  Dodge: Dodged            |    53 |    18 ||    71

Table legend: (Time is in decaauts)
 A = Elapsed time spent in this place.
 B = Non-inter-level travel time spent in this place.
 C = Inter-level travel time spent in this place.
 D = Time resting spent in this place.
 E = Time spent auto-exploring this place.
 F = Levels seen in this place.
 G = Mean time per level.
                   A        B        C        D        E       F      G
               +--------+--------+--------+--------+--------+-----+--------+
         Total |   1760 |   1702 |     58 |     30 |   1297 |   3 |  586.7 |
       Dungeon |   1760 |   1702 |     58 |     30 |   1297 |   3 |  586.7 |
               +--------+--------+--------+--------+--------+-----+--------+

Top non-repeatable levels by time:
     D:1: 1040 daAuts
     D:2: 645 daAuts
     D:3: 74 daAuts
